 Dungeon Sprint DCSS version 0.18.1-5-g4a78601 (webtiles) character file.

35 IcyTea the Ruffian (level 3, 0/33 HPs)
             Began as a Troll Hunter on May 14, 2016.
             Was an Initiate of Makhleb.
             Slain by a hippogriff (1 damage)
             ... in the Dungeon (Sprint IX: "|||||||||||||||||||||||||||||").
             The game lasted 00:03:21 (196 turns).

IcyTea the Ruffian (Troll Hunter)                    Turns: 196, Time: 00:03:22

Health: 0/33       AC:  5    Str: 24    XL:     3   Next: 17%
Magic:  2/2        EV:  9    Int: 10    God:    Makhleb [......]
Gold:   0          SH:  0    Dex: 10    Spells: 0 memorised, 2 levels left

rFire  . . .     SeeInvis .       - Unarmed
rCold  . . .     Gourm    +     b - +0 robe
rNeg   . . .     Faith    .     (no shield)
rPois  .         Spirit   .     (helmet restricted)
rElec  .         Dismiss  .     (no cloak)
rCorr  .         Reflect  .     (gloves unavailable)
SustAt .         Harm     .     (boots unavailable)
MR     .....     NoTele   +     (no amulet)
Stlth  +.........               p - +3 ring of intelligence
                                o - +3 ring of strength

@: not resistant to hostile enchantments, very unstealthy
A: unfitting armour, claws 3, fast metabolism 3, gourmand, regeneration 2,
shaggy fur 1, tough skin 2
a: Renounce Religion


You were in the Dungeon.
You worshipped Makhleb.
Makhleb was noncommittal.
You were very full.

You visited 1 branch

Inventory:

Missiles
 c - 4 large rocks (quivered)
 d - 2 throwing nets
Armour
 b - a +0 robe (worn)
Jewellery
 o - a +3 ring of strength (left claw)
 p - a +3 ring of intelligence (right claw)
Wands
 n - a wand of iceblast (7/15)
Scrolls
 k - 2 scrolls of blinking
 l - 3 scrolls of remove curse
 m - 2 scrolls of amnesia
Potions
 a - a potion of invisibility
 e - 5 potions of curing
 g - 3 potions of heal wounds
 h - a potion of haste
 i - 4 potions of magic
 j - a potion of berserk rage
Comestibles
 f - 2 bread rations


   Skills:
 - Level 1.5 Fighting
 + Level 3.8 Throwing
 - Level 1.5 Dodging
 - Level 0.4 Stealth
 - Level 6.1 Unarmed Combat


You had 2 spell levels left.
You didn't know any spells.

Dungeon Overview and Level Annotations

Branches:
Dungeon (1/1)

Altars:
Cheibriados
Dithmenos
Elyvilon
Fedhas
Gozag
Kikubaaqudgha
Makhleb
Nemelex Xobeh
Okawaru
Pakellas
Qazlal
Ru
Sif Muna
Trog
Vehumet
Xom
Yredelemnul
Zin
The Shining One
Beogh
Jiyva
Lugonu


Innate Abilities, Weirdness & Mutations

You are too large for most types of armour.
You have claws for hands.
Your metabolism is lightning-fast.
You like to eat raw meat.
You heal very quickly.
You are covered in fur (AC +1).
You have very tough skin (AC +2).


Message History

* * * LOW HITPOINT WARNING * * *
The hippogriff pecks you but does no damage.
The hippogriff claws you but does no damage.
You scratch the hippogriff.
The hippogriff is almost dead.
The hippogriff barely misses you. The hippogriff pecks you.
* * * LOW HITPOINT WARNING * * *
The hippogriff claws you.
* * * LOW HITPOINT WARNING * * *
You barely miss the hippogriff. You claw the hippogriff.
The hippogriff is almost dead.
The hippogriff barely misses you. The hippogriff pecks you.
* * * LOW HITPOINT WARNING * * *
The hippogriff completely misses you.
You scratch the hippogriff.
The hippogriff is almost dead.
The hippogriff bites you.
* * * LOW HITPOINT WARNING * * *
The hippogriff closely misses you. The hippogriff claws you.
You die...

▓'▓
▓.▓
▓.▓
▓|▓
▓)▓
▓[▓
▓[▓
▓[▓
▓@▓
▓H▓
▓Z▓
▓a▓
▓5▓
▓a▓
▓.▓
▓O▓
▓.▓


You could see a hippogriff, an ogre, 2 worker ants, a quasit and an adder
zombie.

Vanquished Creatures
  A worker ant (D)
  A dart slug (D)
  A giant gecko (D)
  An orc (D)
  2 goblins (D)
  A kobold (D)
  A ball python skeleton (D)
  A giant cockroach zombie (D)
  A giant newt (D)
10 creatures vanquished.

Notes
Turn   | Place    | Note
--------------------------------------------------------------
     0 | D        | IcyTea the Troll Hunter began the quest for the Orb.
     0 | D        | Reached XP level 1. HP: 19/19 MP: 0/0
     6 | D        | Reached skill level 1 in Unarmed Combat
    10 | D        | Reached skill level 2 in Unarmed Combat
    12 | D        | Reached skill level 3 in Unarmed Combat
    42 | D        | Noticed a worker ant
    49 | D        | Reached skill level 4 in Unarmed Combat
    49 | D        | Reached XP level 2. HP: 18/27 MP: 1/1
    58 | D        | Reached skill level 6 in Unarmed Combat
    58 | D        | Reached XP level 3. HP: 6/33 MP: 2/2
   142 | D        | Found a glowing silver altar of Zin.
   142 | D        | Found a glowing golden altar of the Shining One.
   142 | D        | Found an ancient bone altar of Kikubaaqudgha.
   142 | D        | Found a basalt altar of Yredelemnul.
   142 | D        | Found a shimmering altar of Xom.
   142 | D        | Found a radiant altar of Vehumet.
   143 | D        | Found an iron altar of Okawaru.
   144 | D        | Found a burning altar of Makhleb.
   145 | D        | Found a deep blue altar of Sif Muna.
   146 | D        | Found a bloodstained altar of Trog.
   147 | D        | Found a sparkling altar of Nemelex Xobeh.
   148 | D        | Found a white marble altar of Elyvilon.
   149 | D        | Found a roughly hewn altar of Beogh.
   150 | D        | Found a viscous altar of Jiyva.
   151 | D        | Found a corrupted altar of Lugonu.
   152 | D        | Became a worshipper of Makhleb the Destroyer
   153 | D        | Found a blossoming altar of Fedhas.
   154 | D        | Found a snail-covered altar of Cheibriados.
   155 | D        | Found a shadowy altar of Dithmenos.
   156 | D        | Found a stormy altar of Qazlal.
   157 | D        | Found an opulent altar of Gozag.
   158 | D        | Found a sacrificial altar of Ru.
   159 | D        | Found an oddly glowing altar of Pakellas.
   185 | D        | Noticed a hippogriff
   185 | D        | Noticed an ogre
   196 | D        | HP: 1/33 [hippogriff (4)]
   196 | D        | Slain by a hippogriff

Skill      XL: |  1  2 |
---------------+-------+-----
Unarmed Combat | 4 6 |  6.1
Fighting       | |  1.5
Throwing       | |  3.8
Dodging        | |  1.5
Stealth        | |  0.4

Action                   || total
-------------------------++-------
Melee: Unarmed           ||    37
       Punch             ||     3
Throw: Large rock        ||     1
  Eat: Chunk             ||     5
Armor: Robe              ||     9
Dodge: Dodged            ||    22
